 Dungeon Crawl Stone Soup version 0.27-a0-535-g7eaf864cf9 (console) character file.

Game seed: 4324481666645262575

139 Gather the Chiller (level 5, -5/31 HPs)
             Began as an Octopode Ice Elementalist on Mar 6, 2021.
             Slain by a gnoll
             ... wielding a +0 flail
              (15 damage)
             ... on level 3 of the Dungeon.
             The game lasted 00:08:04 (3003 turns).

Gather the Chiller (Octopode Ice Elementalist)      Turns: 3003, Time: 00:08:04

Health: -5/31      AC:  7    Str:  7    XL:     5   Next: 22%
Magic:  2/8        EV: 13    Int: 18    God:
Gold:   152        SH:  0    Dex: 13    Spells: 1/8 levels left

rFire    . . .     SeeInvis .   d - +0 short sword
rCold    . . .     Faith    .   (no shield)
rNeg     . . .     Spirit   .   (helmet restricted)
rPois    .         Reflect  .   (no amulet)
rElec    .         Harm     .   (no ring)
rCorr    .         Rampage  .   (no ring)
Will     .....                  (no ring)
Stlth    +++.......             (no ring)
HPRegen  0.10/turn              (no ring)
MPRegen  0.11/turn              (no ring)
                                (no ring)
                                (no ring)

@: ice-armoured, frozen ramparts
A: almost no armour, amphibious, 8 rings, constrict 8, camouflage 1, gelatinous
body 1, nimble swimmer 1
a: no special abilities


You were on level 3 of the Dungeon.
You visited 1 branch of the dungeon, and saw 3 of its levels.

You collected 152 gold pieces.

Inventory:

Hand Weapons
 d - a +0 short sword (weapon)
 r - a +0 dagger
Missiles
 b - 54 stones
 g - 28 arrows
 j - 96 bolts
 o - 5 boomerangs (quivered)
Armour
 h - a +0 kite shield
Scrolls
 a - a scroll of enchant armour {unknown}
 f - 4 scrolls of identify {unknown}
 k - a scroll of teleportation {unknown}
 m - a scroll of enchant weapon {unknown}
 n - a scroll of amnesia {unknown}
Potions
 c - a potion of flight {unknown}
 e - 2 potions of attraction {unknown}
 i - 2 potions of curing
 l - 2 potions of degeneration {unknown}
 p - a potion of ambrosia {unknown}
 q - a potion of brilliance {unknown}
 s - 2 potions of invisibility {unknown}


   Skills:
 - Level 2.0 Dodging
 - Level 2.6 Stealth
 - Level 2.0 Spellcasting
 + Level 6.3 Ice Magic


You had one spell level left.
You knew the following spells:

 Your Spells              Type           Power      Damage    Failure   Level
a - Freeze                Ice            96%        1d11      1%          1
i - Ozocubu's Armour      Ice            24%        N/A       4%          3
x - Frozen Ramparts       Ice            48%        1d6       4%          3

Your spell library contained the following spells:

 Spells                   Type           Power      Damage    Failure   Level
 Hailstorm                Conj/Ice       13%        3d5       43%         4
 Summon Ice Beast         Ice/Summ       13%        N/A       43%         4


Dungeon Overview and Level Annotations

Branches:
Dungeon (3/15)

Altars:
Cheibriados
Nemelex Xobeh


Innate Abilities, Weirdness & Mutations

You cannot wear most types of armour.
You are amphibious.
You can wear up to eight rings at the same time.
You can use your tentacles to constrict eight enemies at once.
Your skin changes colour to match your surroundings (Stealth+).
Your rubbery body absorbs attacks. (AC +1, EV +1)
You are stealthy while swimming. (Stealth+)


Message History

You constrict the gnoll, but do no damage.
The wall freezes the gnoll. x2
You kill the gnoll!
The wall freezes the gnoll.
You kill the gnoll!
The frozen ramparts melt away.
Your icy armour starts to melt.
Your icy armour evaporates.
Magic restored.
You open the door.
Found an escape hatch in the ceiling.
There is an open door here.
You open the door.
A gnoll comes into view. It is wielding a +0 spear.
A gnoll is nearby!
There is an open door here.
No target in view!
No target in view!
A gnoll is nearby!
The gnoll shouts!
The gnoll hits you from afar with a +0 spear!
The gnoll hits you with a +0 spear.
The gnoll hits you from afar with a +0 spear.
There is an open door here.
Casting: Ozocubu's Armour (dangerous; 4% risk of failure)
Confirm with . or Enter, or press ? or * to list all spells.
Casting: Frozen Ramparts (dangerous; 4% risk of failure)
Press: ? - help, Dir - look around, f - activate An open door.
The walls around you are covered in ice.
The wall freezes the gnoll. x2; The gnoll hits you with a +0 flail!
* * * LOW HITPOINT WARNING * * *
Casting: Frozen Ramparts (dangerous; 4% risk of failure)
Confirm with . or Enter, or press ? or * to list all spells.
A film of ice covers your body!
The wall freezes the gnoll.
The gnoll hits you from afar with a +0 spear.
* * * LOW HITPOINT WARNING * * *
There are monsters nearby!
It was a potion of curing.
You feel better.
The wall freezes the gnoll.
The gnoll hits you with a +0 flail!
You die...

#.... .. ......#. #.#
#.#.##### # #.#
....... #.#.. #....##
#.#.###.#.....#
#......g#....#
#.......#.##
###g#######g# #.....#
#g# #...#)# ##@##
#...#†# ##...##
#...#.###....<##
##..##.##.......#
#####...##.#.........#
...........'.........+
#####...####.........#
##..# ##.......## ##>#
##.....## #.# ##...##
.# #+##


You could see 2 gnolls.

Vanquished Creatures
  6 adders
  2 gnolls (D:3)
  2 oozes
  3 worms (D:2)
  3 dart slugs
  An orc (D:3)
  3 ball pythons
  4 bats
  2 giant cockroaches
  3 goblins
  2 hobgoblins
  3 kobolds
  A quokka (D:2)
  6 frilled lizards
  6 rats
47 creatures vanquished.

Notes
Turn   | Place    | Note
-------+----------+-------------------------------------------
     0 | D:1      | Gather the Octopode Ice Elementalist began the quest for
                  | the Orb.
     0 | D:1      | Reached XP level 1. HP: 11/11 MP: 3/3
   417 | D:1      | Reached XP level 2. HP: 13/17 MP: 0/5
   520 | D:1      | Found a sparkling altar of Nemelex Xobeh.
  1307 | D:2      | Reached XP level 3. HP: 21/21 MP: 6/6
  1311 | D:2      | Learned a level 3 spell: Frozen Ramparts
  1348 | D:2      | Reached skill level 5 in Ice Magic
  1843 | D:2      | Reached XP level 4. HP: 27/27 MP: 7/7
  1847 | D:2      | Learned a level 3 spell: Ozocubu's Armour
  2624 | D:3      | Reached skill level 6 in Ice Magic
  2674 | D:3      | Found a snail-covered altar of Cheibriados.
  2677 | D:3      | Reached XP level 5. HP: 24/31 MP: 6/8
  3003 | D:3      | Slain by a gnoll

Illustrated notes

Levels and vault maps discovered:
D:1:      elethiomel_arrival_maze, layout_basic, st_stairs_13,
          nemelex_diamond_rough_becter
D:2:      layout_rooms, minmay_tromino_v7
D:3:      layout_loops_corners, cheibriados_altar_1

Skill      XL: |  1  2  3  4 |
---------------+-------------+-----
Ice Magic      | 5 6 |  6.3
Dodging        | |  2.0
Stealth        | |  2.6
Spellcasting   | |  2.0

Action                   |  1- 3 |  4- 6 || total
-------------------------+-------+-------++-------
Melee: Short sword       |    22 |    16 ||    38
       Constrict         |     5 |     4 ||     9
       Tentacles         |     4 |     3 ||     7
 Cast: Freeze            |    27 |    19 ||    46
       Ozocubu's Armour  |       |     2 ||     2
       Frozen Ramparts   |       |     2 ||     2
  Use: Potion            |       |     1 ||     1
 Stab: Sleeping          |    11 |     7 ||    18
Armor: Skin              |     4 |     3 ||     7
Dodge: Dodged            |    26 |    14 ||    40

Table legend: (Time is in decaauts)
 A = Elapsed time spent in this place.
 B = Non-inter-level travel time spent in this place.
 C = Inter-level travel time spent in this place.
 D = Time resting spent in this place.
 E = Time spent auto-exploring this place.
 F = Levels seen in this place.
 G = Mean time per level.
                   A        B        C        D        E       F      G
               +--------+--------+--------+--------+--------+-----+--------+
         Total |   3005 |   2941 |     64 |    437 |   2023 |   3 | 1001.7 |
       Dungeon |   3005 |   2941 |     64 |    437 |   2023 |   3 | 1001.7 |
               +--------+--------+--------+--------+--------+-----+--------+

Top non-repeatable levels by time:
     D:1: 1262 daAuts
     D:2: 937 daAuts
     D:3: 805 daAuts
